Unix NetHack Version 3.7.0-66 Work-in-progress - last build Nov 25 2022 02:21:47 (a67c8fbd212c6e9cfe3af09653023564b5ba1bad,branch:master). Game began 2022-12-03 00:35:56, ended 2022-12-03 00:44:35. BeanNighe, lawful female dwarven Valkyrie ---------------------------------# |...............................|# |.---------------......------...|# |.|....| |((!.|......|(((.-...|# |.-....| |(((.-......|(((.|...|# |.|....| |!](.|......|(((.|...|# |.--------+------..---------|...|# |.............{....|....|%%.|...|##### |.----|-----.......|.._.|%%%|...|# |.| |..| |.......|....|%%%|...|# |.| |..| |......{|.%..|...|..%.## |.--+----+--.......-|-----|--...|## |.........@a)a................h.|## |.-----|----....----..--|----...|# .| |..| +....-..|..|..| -...|# ------------ |.+ |..| |....|..|..|..| |...|# # |......<...| --- ---- --------------- -----#######...........| |..........| ------------ BeanNighe the Skirmisher St:16 Dx:13 Co:15 In:13 Wi:9 Ch:10 Lawful S:428 Dlvl:5 $:0 HP:0(33) Pw:4(4) AC:6 Xp:3/57 T:873 Weak Latest messages: You carefully open the bag... It develops a huge set of teeth and bites you! You see here a whistle (for sale, 13 zorkmids). You see here a key (for sale, 13 zorkmids). You see here a whistle (for sale, 13 zorkmids). You see here a bag (for sale, 3 zorkmids). You see here a whistle (for sale, 13 zorkmids). You see here a bag (for sale, 3 zorkmids). You see here a whistle (for sale, 13 zorkmids). You see here a key (for sale, 13 zorkmids). You see here a whistle (for sale, 13 zorkmids). You see here a bag of tricks (for sale, 133 zorkmids). You see here a looking glass (for sale, 18 zorkmids). You see here a leash (for sale, 27 zorkmids). You see here 6 candles (for sale, 108 zorkmids). You hear the splashing of a naiad. This door is locked. This door is locked. This door is locked. This door is locked. This door is locked. The giant ant bites! The giant ant bites! The giant ant bites! The giant ant bites! You see here 7 crossbow bolts. The giant ant bites! The giant ant bites! The giant ant bites! The giant ant just misses! The giant ant bites! You hit the giant ant! The giant ant bites! Valkyrie needs food, badly! You miss the giant ant. The giant ant bites! The giant ant bites! You hit the giant ant. The giant ant bites! You miss the giant ant. The giant ant bites! You miss the giant ant. The giant ant bites! The giant ant bites! You die... Do you want your possessions identified? [ynq] (y) y Do you want to see your attributes? [ynq] (y) y Do you want an account of creatures vanquished? [ynaq] (y) y Do you want to see your conduct and achievements? [ynq] (y) y Do you want to see the dungeon overview? [ynq] (y) y Inventory: Weapons b - a +0 dagger (alternate weapon; not wielded) a - a +1 dwarvish spear (weapon in hand) Armor c - an uncursed +3 small shield (being worn) Comestibles d - an uncursed food ration j - an uncursed fortune cookie Scrolls i - an uncursed scroll of remove curse Potions e - an uncursed potion of blindness f - an uncursed potion of fruit juice Wands g - a wand of sleep (0:4) Tools h - an uncursed bugle BeanNighe the Valkyrie's attributes: Background: You were a Skirmisher, a level 3 dwarven Valkyrie. You were lawful, on a mission for Tyr who was opposed by Odin (neutral) and Loki (chaotic). You were in the Gnomish Mines, on level 5. You entered the dungeon 873 turns ago. It was the midnight hour. You had 57 experience points, 23 more were needed to attain level 4. Your score was 428 before end-of-game adjustments. Basics: You had 0 out of 33 hit points. You had all 4 energy points (spell power). Your armor class was 6. Your wallet was empty. Autopickup was off. Final Characteristics: Your strength was 16 (base:17, limit:18/100). Your dexterity was 13 (limit:20). Your constitution was 15 (peak:16, limit:20). Your intelligence was 13 (limit:16). Your wisdom was 9 (limit:16). Your charisma was 10 (limit:16). Final Status: You were weak from severe hunger. You were unencumbered. You were wielding a spear. You had basic skill with spear. Final Attributes: You were fervently aligned. You were cold resistant. You had infravision. You were stealthy. You are dead. Miscellaneous: You never encountered a bones level. Total elapsed playing time was 8 minutes and 38 seconds. Major events: Turn 1: BeanNighe the lawful dwarven Valkyrie entered the dungeon 165: entered the Gnomish Mines 632: reached Mine Town 744: attained the rank of Skirmisher (level 3) 873: killed by a giant ant Vanquished creatures: a gnomish wizard a dwarf zombie an iguana a gas spore a hobgoblin 2 red molds a gnome 4 jackals a fox a grid bug 14 creatures vanquished. No species were genocided or became extinct. Voluntary challenges: You were vegetarian. You were an atheist. You read items or engraved 3 times. You engraved Elbereth 1 time. You never genocided any monsters. You never polymorphed an object. You never changed form. You used no wishes. Achievements: You entered the Gnomish Mines. You entered Minetown. You entered a shop. You entered a temple. You attained the rank of Skirmisher. The Dungeons of Doom: levels 1 to 2 Level 1: A grave. Level 2: Stairs down to The Gnomish Mines. The Gnomish Mines: levels 3 to 5 Level 3: Level 4: Level 5: <- You were here. Many shops, a temple, some fountains. Final resting place for you, killed by a giant ant. Game over: ---------- / \ / REST \ / IN \ / PEACE \ / \ | BeanNighe | | 0 Au | | killed by a | | giant ant | | | | | | 2022 | *| * * * | * _________)/\\_//(\/(/\)/\//\/|_)_______ Farvel BeanNighe the Valkyrie... You died in The Gnomish Mines on dungeon level 5 with 428 points, and 0 pieces of gold, after 873 moves. You were level 3 with a maximum of 33 hit points when you died.